Vegas Golden Knights vs Tampa Bay Lightning
Created - Monday, December 25, 2023 at 10:47
Goals
|
| Vegas Golden Knights |
0 |
1 |
1 |
2 |
| Tampa Bay Lightning |
0 |
1 |
0 |
1 |
|
Shots
|
| Vegas Golden Knights |
8 |
8 |
8 |
24 |
| Tampa Bay Lightning |
8 |
13 |
13 |
34 |
|
1st period
No Goal
Penalties :
Vince Dunn (VGK) for Tripping (Minor) at 8:02, Sean Couturier (VGK) for Hooking (Minor) at 18:17, Michael Matheson (TBL) for Interference (Minor) at 19:06
2nd period
1. Vegas Golden Knights , Chris Kreider 4 (Andrew Peeke 1, Vince Dunn 1) at 10:10
2. Tampa Bay Lightning , Anze Kopitar 1 (Darnell Nurse 1) at 13:29 (SH)
Penalties :
Marc Staal (VGK) for Boarding (Minor) at 7:23, Hampus Lindholm (TBL) for Hooking (Minor) at 10:44, Michael Matheson (TBL) for Interference (Minor) at 13:20, Nikolaj Ehlers (VGK) for High sticking (Double Minor) at 14:26
3rd period
3. Vegas Golden Knights , Chris Kreider 5 (Joe Pavelski 3) at 13:03
Penalties :
Ivan Barbashev (TBL) for Hooking (Minor) at 5:41, Tomas Hertl (TBL) for Delaying the game (Minor) at 14:27
Goalie Stats
Alexandar Georgiev (VGK), 33 saves from 34 shots - (0.971), W, 4-1-0, 60:00 minutes
Filip Gustavsson (TBL), 22 saves from 24 shots - (0.917), L, 1-2-2, 59:16 minutes
Players Stats for Vegas Golden Knights
Player Name G A P +/- PIM S H SB GA TA FO MP PP MP PK MP
------------------------------------------------------------------------------------
Andrew Peeke 0 1 1 0 0 0 1 0 0 0 0/0 22:40 0:00 3:21
Chris Kreider 2 0 2 2 0 5 1 0 1 0 1/2 19:56 4:36 1:00
Eric Staal 0 0 0 0 0 0 2 0 0 1 1/4 11:16 0:00 3:43
Joe Pavelski 0 1 1 2 0 2 0 0 2 0 2/5 19:21 4:36 0:26
John Marino 0 0 0 2 0 0 0 1 0 0 0/0 18:19 4:11 1:01
Jordan Staal 0 0 0 0 0 1 1 0 0 0 10/14 16:08 0:00 3:27
Lars Eller 0 0 0 0 0 1 1 0 0 0 3/5 11:48 0:00 3:43
Marc Staal 0 0 0 0 2 0 0 3 0 0 0/0 16:12 0:00 3:31
Marc-Edouard Vlasic 0 0 0 2 0 0 0 1 0 0 0/0 15:08 0:00 4:31
Nikolaj Ehlers 0 0 0 0 4 3 1 0 2 0 0/0 20:34 4:05 2:26
Reilly Smith 0 0 0 -1 0 4 1 1 0 0 0/0 15:48 3:41 1:00
Rickard Rakell 0 0 0 -1 0 3 1 1 0 0 1/1 15:57 3:16 0:00
Sean Couturier 0 0 0 0 2 2 1 0 0 0 1/2 9:01 0:10 0:00
Sean Monahan 0 0 0 1 0 0 3 0 0 0 15/20 15:09 3:16 0:01
Travis Hamonic 0 0 0 0 0 0 0 0 1 0 0/0 16:02 0:00 3:21
Tyler Bertuzzi 0 0 0 0 0 0 0 0 0 0 0/0 14:15 4:26 0:00
Victor Olofsson 0 0 0 -1 0 1 0 0 0 0 0/0 10:10 3:16 0:00
Vince Dunn 0 1 1 -1 2 2 2 1 2 0 0/0 22:16 3:46 0:01
Players Stats for Tampa Bay Lightning
Player Name G A P +/- PIM S H SB GA TA FO MP PP MP PK MP
------------------------------------------------------------------------------------
Alexander Kerfoot 0 0 0 0 0 1 0 0 0 1 0/0 10:19 0:00 3:48
Anze Kopitar 1 0 1 1 0 6 2 0 0 0 8/21 21:11 3:38 3:59
Christian Dvorak 0 0 0 -1 0 4 1 1 0 1 2/5 11:08 0:34 3:36
Darnell Nurse 0 1 1 0 0 0 0 2 0 0 0/0 26:17 3:39 3:47
Dylan Cozens 0 0 0 -1 0 2 2 0 0 0 3/10 14:01 3:53 0:00
Gustav Nyquist 0 0 0 -1 0 2 2 0 0 0 0/0 11:14 0:22 3:39
Hampus Lindholm 0 0 0 -1 2 0 2 2 1 0 0/0 21:19 3:06 0:00
Ivan Barbashev 0 0 0 0 2 1 2 0 0 1 0/0 12:10 0:00 0:00
Johnny Gaudreau 0 0 0 0 0 6 2 0 0 0 0/2 15:13 3:48 0:00
Kirill Kaprizov 0 0 0 0 0 5 0 0 0 1 0/2 15:34 0:10 0:07
Michael Matheson 0 0 0 0 4 0 1 0 0 0 0/0 14:07 4:15 0:00
Moritz Seider 0 0 0 -1 0 1 3 0 0 0 0/0 23:13 4:14 3:51
Roope Hintz 0 0 0 -1 0 1 0 0 0 0 0/0 10:08 0:00 0:00
Ryan Graves 0 0 0 0 0 1 0 0 0 3 0/0 15:59 0:00 4:05
Tomas Hertl 0 0 0 0 2 1 2 0 0 1 5/11 16:36 3:41 0:00
Travis Konecny 0 0 0 -1 0 2 3 0 0 0 0/1 17:03 3:38 0:35
Tyler Toffoli 0 0 0 0 0 1 1 0 0 0 1/1 15:18 3:53 0:00
Vladislav Gavrikov 0 0 0 0 0 0 0 1 0 0 0/0 19:10 0:33 4:01
3 Stars
1 - Chris Kreider (VGK)
2 - Alexandar Georgiev (VGK)
3 - Anze Kopitar (TBL)
Power Play
Vegas Golden Knights - 0 on 5 Attempt(s) - 0.00%
Tampa Bay Lightning - 0 on 5 Attempt(s) - 0.00%
Penalty Kill
Vegas Golden Knights - 5 on 5 Attempt(s) - 100.00%
- Score 0 goal in Penalty Kill
Tampa Bay Lightning - 5 on 5 Attempt(s) - 100.00%
- Score 1 goal in Penalty Kill
Team Stat
Vegas Golden Knights - Hits : 15 - Faceoff Wins : 34 - Blocked Shots : 8 - Penalty Minutes : 10
Tampa Bay Lightning - Hits : 23 - Faceoff Wins : 19 - Blocked Shots : 6 - Penalty Minutes : 10
Official
Referees : Garrett Rank and Jon Mclsaac
Linesman : Pierre Racicot and Brad Kovachik
Game Notes
No Game Note
Finance
Level 1 -- Attendance: 6000 (100.00%) -- Ticket Income $570,000
Level 2 -- Attendance: 5000 (100.00%) -- Ticket Income $275,000
Level 3 -- Attendance: 3000 (100.00%) -- Ticket Income $96,000
Level 4 -- Attendance: 5000 (100.00%) -- Ticket Income $110,000
Luxury Box -- Attendance: 1000 (100.00%) -- Ticket Income $193,000
Game was played at the Tampa Bay Times Forum.
Total Attendance: 20000 (100.00%)
Total Ticket Income: $1,244,000
Other Income: $435,400
Total Income: $1,679,400
Vegas Golden Knights
5 vs 5 Forward
Center Left Wing Right Wing Time % Phy DF OF
1 Sean Monahan Chris Kreider Joe Pavelski 30 1 2 2
2 Jordan Staal Nikolaj Ehlers Rickard Rakell 30 1 2 2
3 Sean Couturier Tyler Bertuzzi Reilly Smith 25 1 2 2
4 Lars Eller Eric Staal Victor Olofsson 15 1 2 2
5 vs 5 Defense
Defense Defense Time % Phy DF OF
1 Vince Dunn Andrew Peeke 30 1 2 2
2 Marc Staal Travis Hamonic 30 1 2 2
3 Marc-Edouard Vlasic John Marino 25 1 2 2
4 Andrew Peeke Vince Dunn 15 1 2 2
PowerPlay Forward
Center Left Wing Right Wing Time % Phy DF OF
1 Joe Pavelski Chris Kreider Tyler Bertuzzi 50 1 2 2
2 Sean Monahan Rickard Rakell Victor Olofsson 50 1 2 2
PowerPlay Defense
Defense Defense Time % Phy DF OF
1 Reilly Smith Vince Dunn 50 1 2 2
2 Nikolaj Ehlers John Marino 50 1 2 2
Penalty Kill 4 Players Forward
Center Wing Time % Phy DF OF
1 Lars Eller Nikolaj Ehlers 50 1 2 2
2 Eric Staal Jordan Staal 50 1 2 2
Penalty Kill 4 Players Defense
Defense Defense Time % Phy DF OF
1 Andrew Peeke Travis Hamonic 50 1 2 2
2 Marc-Edouard Vlasic Marc Staal 50 1 2 2
Penalty Kill - 3 Players Forward
Forward Time % Phy DF OF
1 Lars Eller 50 1 2 2
2 Jordan Staal 50 1 2 2
Penalty Kill - 3 Players Defense
Defense Defense Time % Phy DF OF
1 Andrew Peeke Travis Hamonic 50 1 2 2
2 Eric Staal Marc Staal 50 1 2 2
4 vs 4 Forward
Center Wing Time % Phy DF OF
1 Joe Pavelski Chris Kreider 50 1 2 2
2 Sean Monahan Reilly Smith 50 1 2 2
4 vs 4 Defense
Defense Defense Time % Phy DF OF
1 Andrew Peeke Travis Hamonic 50 1 2 2
2 Vince Dunn John Marino 50 1 2 2
Last Minutes Offensive
Center Left Wing Right Wing Defense Defense
Joe Pavelski Chris Kreider Nikolaj Ehlers Vince Dunn John Marino
Last Minutes Defensive
Center Left Wing Right Wing Defense Defense
Lars Eller Jordan Staal Eric Staal Marc Staal Andrew Peeke
Goaltenders
Starting : Alexandar Georgiev
Backup : Philipp Grubauer
Extra Forwards
Normal : Reilly Smith, Joe Pavelski, Chris Kreider - PP : Victor Olofsson, Sean Couturier - PK : Reilly Smith
Extra Defensemen
Normal : Marc Staal, Andrew Peeke, Vince Dunn - PP : Travis Hamonic - PK : John Marino, Andrew Peeke
Penalty Shots
Rickard Rakell, Sean Monahan, Nikolaj Ehlers, Joe Pavelski, Chris Kreider
Tampa Bay Lightning
5 vs 5 Forward
Center Left Wing Right Wing Time % Phy DF OF
1 Tomas Hertl Kirill Kaprizov Ivan Barbashev 30 1 2 2
2 Dylan Cozens Roope Hintz Travis Konecny 30 1 1 3
3 Anze Kopitar Johnny Gaudreau Tyler Toffoli 30 1 1 3
4 Christian Dvorak Alexander Kerfoot Gustav Nyquist 10 1 2 2
5 vs 5 Defense
Defense Defense Time % Phy DF OF
1 Darnell Nurse Hampus Lindholm 40 1 2 2
2 Moritz Seider Vladislav Gavrikov 35 1 2 2
3 Michael Matheson Ryan Graves 25 0 3 2
4 Darnell Nurse Moritz Seider 0 1 2 2
PowerPlay Forward
Center Left Wing Right Wing Time % Phy DF OF
1 Anze Kopitar Johnny Gaudreau Travis Konecny 50 1 0 4
2 Tomas Hertl Dylan Cozens Tyler Toffoli 50 1 0 4
PowerPlay Defense
Defense Defense Time % Phy DF OF
1 Michael Matheson Moritz Seider 50 1 2 2
2 Hampus Lindholm Darnell Nurse 50 1 2 2
Penalty Kill 4 Players Forward
Center Wing Time % Phy DF OF
1 Anze Kopitar Alexander Kerfoot 50 1 2 2
2 Christian Dvorak Gustav Nyquist 50 1 2 2
Penalty Kill 4 Players Defense
Defense Defense Time % Phy DF OF
1 Darnell Nurse Vladislav Gavrikov 50 1 2 2
2 Moritz Seider Ryan Graves 50 1 2 2
Penalty Kill - 3 Players Forward
Forward Time % Phy DF OF
1 Anze Kopitar 50 1 2 2
2 Christian Dvorak 50 1 2 2
Penalty Kill - 3 Players Defense
Defense Defense Time % Phy DF OF
1 Darnell Nurse Vladislav Gavrikov 50 1 2 2
2 Moritz Seider Ryan Graves 50 1 2 2
4 vs 4 Forward
Center Wing Time % Phy DF OF
1 Tomas Hertl Kirill Kaprizov 50 1 2 2
2 Anze Kopitar Travis Konecny 50 1 2 2
4 vs 4 Defense
Defense Defense Time % Phy DF OF
1 Michael Matheson Vladislav Gavrikov 50 1 2 2
2 Hampus Lindholm Ryan Graves 50 1 2 2
Last Minutes Offensive
Center Left Wing Right Wing Defense Defense
Anze Kopitar Kirill Kaprizov Travis Konecny Darnell Nurse Moritz Seider
Last Minutes Defensive
Center Left Wing Right Wing Defense Defense
Anze Kopitar Alexander Kerfoot Ivan Barbashev Darnell Nurse Moritz Seider
Goaltenders
Starting : Filip Gustavsson
Backup : Darcy Kuemper
Extra Forwards
Normal : Tomas Hertl, Anze Kopitar, Dylan Cozens - PP : Tomas Hertl, Anze Kopitar - PK : Travis Konecny
Extra Defensemen
Normal : Vladislav Gavrikov, Ryan Graves, Hampus Lindholm - PP : Vladislav Gavrikov - PK : Ryan Graves, Hampus Lindholm
Penalty Shots
Gustav Nyquist, Kirill Kaprizov, Alexander Kerfoot, Anze Kopitar, Roope Hintz
% Time on Ice - Vegas Golden Knights
Lines # - Real PCT - Wanted PCT - Time Play
Normal Forward
1 - 29% - 30% - 11:52
2 - 33% - 30% - 13:25
3 - 22% - 25% - 8:52
4 - 17% - 15% - 6:49
Normal Defense
1 - 31% - 30% - 12:35
2 - 33% - 30% - 13:25
3 - 25% - 25% - 10:21
4 - 11% - 15% - 4:37
PP Forward
1 - 58% - 50% - 4:36
2 - 42% - 50% - 3:16
PP Defense
1 - 47% - 50% - 3:41
2 - 53% - 50% - 4:11
PK Forward
1 - 56% - 50% - 4:25
2 - 44% - 50% - 3:28
PK Defense
1 - 42% - 50% - 3:21
2 - 58% - 50% - 4:32
PK3 Forward
1 - 0% - 50%
2 - 0% - 50%
PK3 Defense
1 - 0% - 50%
2 - 0% - 50%
44 Forward
1 - 51% - 50% - 1:03
2 - 49% - 50% - 1:00
44 Defense
1 - 43% - 50% - 0:53
2 - 57% - 50% - 1:10
Last Minute Offensive - 0:00
Last Minute Defensive - 1:14
Total
Forward - 60:00
Defense - 60:00
|
% Time on Ice - Tampa Bay Lightning
Lines # - Real PCT - Wanted PCT - Time Play
Normal Forward
1 - 29% - 30% - 11:50
2 - 27% - 30% - 11:15
3 - 28% - 30% - 11:25
4 - 16% - 10% - 6:29
Normal Defense
1 - 43% - 40% - 17:47
2 - 35% - 35% - 14:20
3 - 22% - 25% - 8:50
4 - 0% - 0% - 0:02
PP Forward
1 - 48% - 50% - 3:49
2 - 52% - 50% - 4:04
PP Defense
1 - 61% - 50% - 4:47
2 - 39% - 50% - 3:06
PK Forward
1 - 50% - 50% - 3:58
2 - 50% - 50% - 3:54
PK Defense
1 - 51% - 50% - 4:01
2 - 49% - 50% - 3:51
PK3 Forward
1 - 0% - 50%
2 - 0% - 50%
PK3 Defense
1 - 0% - 50%
2 - 0% - 50%
44 Forward
1 - 60% - 50% - 1:14
2 - 40% - 50% - 0:49
44 Defense
1 - 39% - 50% - 0:48
2 - 61% - 50% - 1:15
Last Minute Offensive - 1:13
Last Minute Defensive - 0:00
Total
Forward - 60:00
Defense - 60:00
|
Play-by-Play
1st period
0:01 of 1st period - Tomas Hertl wins face-off versus Sean Monahan in neutral zone.
0:04 of 1st period - Wrist shot by Kirill Kaprizov.
0:04 of 1st period - Stopped by Alexandar Georgiev without a rebound.
0:05 of 1st period - Sean Monahan wins face-off versus Tomas Hertl in Vegas Golden Knights zone.
0:10 of 1st period - Snap shot by Kirill Kaprizov.
0:10 of 1st period - Shot Misses the Net.
1:14 of 1st period - Snap shot by Gustav Nyquist.
1:14 of 1st period - Shot Misses the Net.
2:02 of 1st period - Wrist shot by Travis Konecny.
2:02 of 1st period - Shot Misses the Net.
2:24 of 1st period - Wrist shot by Anze Kopitar.
2:24 of 1st period - Shot Misses the Net.
2:42 of 1st period - Andrew Peeke is hit by Gustav Nyquist and loses puck.
2:49 of 1st period - Slapshot by Christian Dvorak.
2:49 of 1st period - Deflect By Gustav Nyquist.
2:49 of 1st period - Stopped by Alexandar Georgiev with a rebound.
3:08 of 1st period - Kirill Kaprizov is hit by Sean Monahan and loses puck.
3:28 of 1st period - Chris Kreider is hit by Hampus Lindholm and loses puck.
3:59 of 1st period - Snap shot by Gustav Nyquist.
3:59 of 1st period - Shot Misses the Net.
4:01 of 1st period - Backhand shot by Alexander Kerfoot.
4:01 of 1st period - Shot Misses the Net.
4:23 of 1st period - John Marino is hit by Dylan Cozens and loses puck.
5:39 of 1st period - Snap shot by Reilly Smith.
5:39 of 1st period - Stopped by Filip Gustavsson with a rebound.
5:55 of 1st period - Eric Staal is hit by Michael Matheson and loses puck.
6:04 of 1st period - Snap shot by Kirill Kaprizov.
6:04 of 1st period - Stopped by Alexandar Georgiev without a rebound.
6:05 of 1st period - Anze Kopitar wins face-off versus Jordan Staal in Vegas Golden Knights zone.
6:08 of 1st period - Snap shot by Tyler Toffoli.
6:08 of 1st period - Stopped by Alexandar Georgiev with a rebound.
6:41 of 1st period - Slapshot by Victor Olofsson.
6:41 of 1st period - Shot Misses the Net.
6:43 of 1st period - Wrist shot by Lars Eller.
6:43 of 1st period - Stopped by Filip Gustavsson without a rebound.
6:44 of 1st period - Dylan Cozens wins face-off versus Jordan Staal in Tampa Bay Lightning zone.
6:57 of 1st period - Snap shot by Dylan Cozens.
6:57 of 1st period - Stopped by Alexandar Georgiev without a rebound.
6:58 of 1st period - Dylan Cozens wins face-off versus Sean Couturier in Vegas Golden Knights zone.
7:05 of 1st period - Andrew Peeke is hit by Dylan Cozens and loses puck.
7:52 of 1st period - Slapshot by Nikolaj Ehlers.
7:52 of 1st period - Stopped by Filip Gustavsson with a rebound.
8:02 of 1st period - Minor Penalty to Vince Dunn for Tripping.
8:03 of 1st period - Lars Eller wins face-off versus Anze Kopitar in Vegas Golden Knights zone.
8:12 of 1st period - Marc Staal is hit by Moritz Seider.
8:16 of 1st period - Slapshot by Eric Staal.
8:16 of 1st period - Shot Misses the Net.
8:30 of 1st period - Tyler Toffoli is hit by Nikolaj Ehlers and loses puck.
10:02 of 1st period - Penalty to Vince Dunn is over, Vince Dunn is back on ice.
10:17 of 1st period - Snap shot by Reilly Smith.
10:17 of 1st period - Stopped by Filip Gustavsson without a rebound.
10:18 of 1st period - Sean Monahan wins face-off versus Christian Dvorak in Tampa Bay Lightning zone.
10:27 of 1st period - Slapshot by Chris Kreider.
10:27 of 1st period - Stopped by Filip Gustavsson with a rebound.
12:06 of 1st period - Snap shot by Rickard Rakell.
12:06 of 1st period - Stopped by Filip Gustavsson with a rebound.
12:08 of 1st period - Slapshot by Marc-Edouard Vlasic.
12:08 of 1st period - Shot Blocked by Darnell Nurse.
12:10 of 1st period - Wrist shot by Nikolaj Ehlers.
12:10 of 1st period - Deflect By Rickard Rakell.
12:10 of 1st period - Shot Misses the Net.
12:10 of 1st period - Puck is out of play.
12:11 of 1st period - Sean Monahan wins face-off versus Anze Kopitar in Tampa Bay Lightning zone.
13:06 of 1st period - Wrist shot by Christian Dvorak.
13:06 of 1st period - Shot Misses the Net.
13:08 of 1st period - Snap shot by Alexander Kerfoot.
13:08 of 1st period - Stopped by Alexandar Georgiev with a rebound.
13:50 of 1st period - Darnell Nurse is hit by Sean Couturier.
14:00 of 1st period - Anze Kopitar is hit by Chris Kreider and loses puck.
14:38 of 1st period - Travis Hamonic is hit by Travis Konecny and loses puck.
15:39 of 1st period - Wrist shot by Gustav Nyquist.
15:39 of 1st period - Stopped by Alexandar Georgiev with a rebound.
15:58 of 1st period - Slapshot by Johnny Gaudreau.
15:58 of 1st period - Shot Misses the Net.
16:00 of 1st period - Wrist shot by Johnny Gaudreau.
16:00 of 1st period - Shot Misses the Net.
17:05 of 1st period - John Marino is hit by Ivan Barbashev and loses puck.
17:20 of 1st period - Snap shot by Gustav Nyquist.
17:20 of 1st period - Shot Blocked by Marc-Edouard Vlasic.
17:28 of 1st period - Snap shot by Joe Pavelski.
17:28 of 1st period - Shot Misses the Net.
17:30 of 1st period - Slapshot by Joe Pavelski.
17:30 of 1st period - Stopped by Filip Gustavsson without a rebound.
17:31 of 1st period - Sean Monahan wins face-off versus Johnny Gaudreau in Tampa Bay Lightning zone.
17:34 of 1st period - Snap shot by Chris Kreider.
17:34 of 1st period - Stopped by Filip Gustavsson with a rebound.
18:17 of 1st period - Minor Penalty to Sean Couturier for Hooking.
18:18 of 1st period - Tomas Hertl wins face-off versus Eric Staal in Vegas Golden Knights zone.
18:20 of 1st period - Wrist shot by Tyler Toffoli.
18:20 of 1st period - Shot Misses the Net.
18:22 of 1st period - Slapshot by Michael Matheson.
18:22 of 1st period - Deflect By Dylan Cozens.
18:22 of 1st period - Shot Misses the Net.
18:22 of 1st period - Puck is out of play.
18:23 of 1st period - Tyler Toffoli wins face-off versus Eric Staal in Vegas Golden Knights zone.
18:58 of 1st period - Snap shot by Johnny Gaudreau.
18:58 of 1st period - Stopped by Alexandar Georgiev with a rebound.
19:06 of 1st period - Minor Penalty to Michael Matheson for Interference.
19:07 of 1st period - Joe Pavelski wins face-off versus Kirill Kaprizov in Tampa Bay Lightning zone.
19:53 of 1st period - Slapshot by Tomas Hertl.
19:53 of 1st period - Shot Misses the Net.
Goals for this period are 0 for Vegas Golden Knights vs 0 for Tampa Bay Lightning.
Shots for this period are 8 for Vegas Golden Knights vs 8 for Tampa Bay Lightning.
2nd period
0:01 of 2nd period - Chris Kreider wins face-off versus Travis Konecny in neutral zone.
0:04 of 2nd period - Snap shot by Joe Pavelski.
0:04 of 2nd period - Shot Misses the Net.
0:06 of 2nd period - Wrist shot by Chris Kreider.
0:06 of 2nd period - Shot Misses the Net.
0:17 of 2nd period - Penalty to Sean Couturier is over, Sean Couturier is back on ice.
0:37 of 2nd period - Christian Dvorak is hit by Reilly Smith and loses puck.
1:06 of 2nd period - Penalty to Michael Matheson is over, Michael Matheson is back on ice.
1:16 of 2nd period - Reilly Smith is hit by Tomas Hertl and loses puck.
2:27 of 2nd period - Backhand shot by Tomas Hertl.
2:27 of 2nd period - Stopped by Alexandar Georgiev with a rebound.
2:50 of 2nd period - Slapshot by Christian Dvorak.
2:50 of 2nd period - Stopped by Alexandar Georgiev with a rebound.
2:52 of 2nd period - Slapshot by Christian Dvorak.
2:52 of 2nd period - Stopped by Alexandar Georgiev without a rebound.
2:53 of 2nd period - Jordan Staal wins face-off versus Dylan Cozens in Vegas Golden Knights zone.
2:53 of 2nd period - Jordan Staal is hit by Travis Konecny.
3:18 of 2nd period - Travis Hamonic is hit by Moritz Seider and loses puck.
4:11 of 2nd period - Snap shot by Victor Olofsson.
4:11 of 2nd period - Stopped by Filip Gustavsson without a rebound.
4:12 of 2nd period - Anze Kopitar wins face-off versus Jordan Staal in Tampa Bay Lightning zone.
4:59 of 2nd period - Ivan Barbashev is hit by Andrew Peeke and loses puck.
5:22 of 2nd period - Alexander Kerfoot is hit by Lars Eller and loses puck.
5:49 of 2nd period - Snap shot by Nikolaj Ehlers.
5:49 of 2nd period - Stopped by Filip Gustavsson without a rebound.
5:50 of 2nd period - Sean Monahan wins face-off versus Dylan Cozens in Tampa Bay Lightning zone.
6:06 of 2nd period - Off-side.
6:07 of 2nd period - Anze Kopitar wins face-off versus Jordan Staal in neutral zone.
6:12 of 2nd period - Slapshot by Moritz Seider.
6:12 of 2nd period - Shot Blocked by Marc Staal.
6:14 of 2nd period - Slapshot by Anze Kopitar.
6:14 of 2nd period - Stopped by Alexandar Georgiev with a rebound.
6:16 of 2nd period - Slapshot by Vladislav Gavrikov.
6:16 of 2nd period - Shot Blocked by Rickard Rakell.
6:18 of 2nd period - Slapshot by Moritz Seider.
6:18 of 2nd period - Shot Blocked by Marc Staal.
6:22 of 2nd period - Slapshot by Johnny Gaudreau.
6:22 of 2nd period - Stopped by Alexandar Georgiev without a rebound.
6:23 of 2nd period - Sean Monahan wins face-off versus Tomas Hertl in Vegas Golden Knights zone.
7:01 of 2nd period - Slapshot by Johnny Gaudreau.
7:01 of 2nd period - Stopped by Alexandar Georgiev without a rebound.
7:02 of 2nd period - Dylan Cozens wins face-off versus Chris Kreider in Vegas Golden Knights zone.
7:03 of 2nd period - Wrist shot by Roope Hintz.
7:03 of 2nd period - Shot Misses the Net.
7:05 of 2nd period - Wrist shot by Dylan Cozens.
7:05 of 2nd period - Stopped by Alexandar Georgiev with a rebound.
7:07 of 2nd period - Slapshot by Vladislav Gavrikov.
7:07 of 2nd period - Shot Misses the Net.
7:09 of 2nd period - Wrist shot by Dylan Cozens.
7:09 of 2nd period - Shot Misses the Net.
7:19 of 2nd period - Wrist shot by Roope Hintz.
7:19 of 2nd period - Stopped by Alexandar Georgiev without a rebound.
7:20 of 2nd period - Rickard Rakell wins face-off versus Anze Kopitar in Vegas Golden Knights zone.
7:20 of 2nd period - Rickard Rakell is hit by Anze Kopitar.
7:23 of 2nd period - Minor Penalty to Marc Staal for Boarding.
7:24 of 2nd period - Eric Staal wins face-off versus Tomas Hertl in Vegas Golden Knights zone.
7:24 of 2nd period - Eric Staal is hit by Tomas Hertl.
7:37 of 2nd period - Tomas Hertl is hit by Eric Staal.
9:23 of 2nd period - Penalty to Marc Staal is over, Marc Staal is back on ice.
9:55 of 2nd period - Wrist shot by Reilly Smith.
9:55 of 2nd period - Stopped by Filip Gustavsson with a rebound.
9:57 of 2nd period - Snap shot by Sean Couturier.
9:57 of 2nd period - Stopped by Filip Gustavsson without a rebound.
9:58 of 2nd period - Sean Monahan wins face-off versus Dylan Cozens in Tampa Bay Lightning zone.
10:04 of 2nd period - Slapshot by Vince Dunn.
10:04 of 2nd period - Shot Blocked by Hampus Lindholm.
10:08 of 2nd period - Snap shot by Chris Kreider.
10:08 of 2nd period - Shot Misses the Net.
10:10 of 2nd period - Slapshot by Chris Kreider.
10:10 of 2nd period - Goal by Chris Kreider - Vegas Golden Knights : 1 - Tampa Bay Lightning : 0.
10:11 of 2nd period - Jordan Staal wins face-off versus Kirill Kaprizov in neutral zone.
10:26 of 2nd period - Slapshot by Tomas Hertl.
10:26 of 2nd period - Shot Hit the Post.
10:28 of 2nd period - Slapshot by Ivan Barbashev.
10:28 of 2nd period - Stopped by Alexandar Georgiev with a rebound.
10:44 of 2nd period - Minor Penalty to Hampus Lindholm for Hooking.
10:45 of 2nd period - Anze Kopitar wins face-off versus Joe Pavelski in Tampa Bay Lightning zone.
11:50 of 2nd period - Alexander Kerfoot is hit by Rickard Rakell and loses puck.
12:44 of 2nd period - Penalty to Hampus Lindholm is over, Hampus Lindholm is back on ice.
13:13 of 2nd period - Joe Pavelski is hit by Ivan Barbashev.
13:20 of 2nd period - Minor Penalty to Michael Matheson for Interference.
13:21 of 2nd period - Sean Monahan wins face-off versus Anze Kopitar in Tampa Bay Lightning zone.
13:21 of 2nd period - Snap shot by Rickard Rakell.
13:21 of 2nd period - Stopped by Filip Gustavsson without a rebound.
13:22 of 2nd period - Sean Monahan wins face-off versus Anze Kopitar in Tampa Bay Lightning zone.
13:29 of 2nd period - Slapshot by Darnell Nurse.
13:29 of 2nd period - Deflect By Anze Kopitar.
13:29 of 2nd period - Goal by Anze Kopitar - Vegas Golden Knights : 1 - Tampa Bay Lightning : 1.
13:30 of 2nd period - Anze Kopitar wins face-off versus Sean Monahan in neutral zone.
13:34 of 2nd period - Darnell Nurse is hit by Sean Monahan and loses puck.
13:41 of 2nd period - Slapshot by Victor Olofsson.
13:41 of 2nd period - Shot Misses the Net.
13:43 of 2nd period - Slapshot by Reilly Smith.
13:43 of 2nd period - Shot Misses the Net.
13:45 of 2nd period - Slapshot by Vince Dunn.
13:45 of 2nd period - Stopped by Filip Gustavsson with a rebound.
13:55 of 2nd period - Vince Dunn is hit by Gustav Nyquist and loses puck.
14:00 of 2nd period - Wrist shot by Gustav Nyquist.
14:00 of 2nd period - Deflect By Christian Dvorak.
14:00 of 2nd period - Stopped by Alexandar Georgiev without a rebound.
14:01 of 2nd period - Christian Dvorak wins face-off versus Joe Pavelski in Vegas Golden Knights zone.
14:04 of 2nd period - Snap shot by Christian Dvorak.
14:04 of 2nd period - Stopped by Alexandar Georgiev without a rebound.
14:05 of 2nd period - Joe Pavelski wins face-off versus Anze Kopitar in Vegas Golden Knights zone.
14:16 of 2nd period - Wrist shot by Anze Kopitar.
14:16 of 2nd period - Shot Misses the Net.
14:26 of 2nd period - Double Minor Penalty to Nikolaj Ehlers for High sticking.
14:27 of 2nd period - Sean Monahan wins face-off versus Anze Kopitar in Vegas Golden Knights zone.
14:40 of 2nd period - Wrist shot by Travis Konecny.
14:40 of 2nd period - Shot Blocked by Vince Dunn.
14:48 of 2nd period - Ryan Graves is hit by Sean Monahan and loses puck.
15:20 of 2nd period - Penalty to Michael Matheson is over, Michael Matheson is back on ice.
16:21 of 2nd period - Snap shot by Jordan Staal.
16:21 of 2nd period - Stopped by Filip Gustavsson without a rebound.
16:22 of 2nd period - Tomas Hertl wins face-off versus Eric Staal in Tampa Bay Lightning zone.
17:21 of 2nd period - Travis Hamonic is hit by Johnny Gaudreau and loses puck.
18:26 of 2nd period - Penalty to Nikolaj Ehlers is over, Nikolaj Ehlers is back on ice.
18:29 of 2nd period - Andrew Peeke is hit by Christian Dvorak and loses puck.
19:04 of 2nd period - Kirill Kaprizov is hit by Jordan Staal and loses puck.
19:14 of 2nd period - Icing by Nikolaj Ehlers.
19:15 of 2nd period - Jordan Staal wins face-off versus Christian Dvorak in Vegas Golden Knights zone.
19:22 of 2nd period - Snap shot by Tyler Bertuzzi.
19:22 of 2nd period - Shot Misses the Net.
19:34 of 2nd period - Slapshot by Roope Hintz.
19:34 of 2nd period - Shot Misses the Net.
19:36 of 2nd period - Slapshot by Vladislav Gavrikov.
19:36 of 2nd period - Shot Misses the Net.
19:38 of 2nd period - Snap shot by Travis Konecny.
19:38 of 2nd period - Stopped by Alexandar Georgiev without a rebound.
19:39 of 2nd period - Lars Eller wins face-off versus Anze Kopitar in Vegas Golden Knights zone.
19:44 of 2nd period - Slapshot by Vince Dunn.
19:44 of 2nd period - Shot Blocked by Hampus Lindholm.
Goals for this period are 1 for Vegas Golden Knights vs 1 for Tampa Bay Lightning.
Shots for this period are 8 for Vegas Golden Knights vs 13 for Tampa Bay Lightning.
3rd period
0:01 of 3rd period - Jordan Staal wins face-off versus Anze Kopitar in neutral zone.
0:18 of 3rd period - Marc Staal is hit by Johnny Gaudreau and loses puck.
0:41 of 3rd period - Slapshot by Kirill Kaprizov.
0:41 of 3rd period - Stopped by Alexandar Georgiev without a rebound.
0:42 of 3rd period - Sean Couturier wins face-off versus Dylan Cozens in Vegas Golden Knights zone.
1:09 of 3rd period - Tyler Toffoli is hit by Eric Staal and loses puck.
2:36 of 3rd period - Snap shot by Kirill Kaprizov.
2:36 of 3rd period - Stopped by Alexandar Georgiev without a rebound.
2:37 of 3rd period - Sean Monahan wins face-off versus Tomas Hertl in Vegas Golden Knights zone.
3:29 of 3rd period - Off-side.
3:30 of 3rd period - Jordan Staal wins face-off versus Dylan Cozens in neutral zone.
3:38 of 3rd period - Off-side.
3:39 of 3rd period - Jordan Staal wins face-off versus Anze Kopitar in neutral zone.
4:07 of 3rd period - Slapshot by Johnny Gaudreau.
4:07 of 3rd period - Stopped by Alexandar Georgiev without a rebound.
4:08 of 3rd period - Sean Monahan wins face-off versus Dylan Cozens in Vegas Golden Knights zone.
4:08 of 3rd period - Sean Monahan is hit by Moritz Seider.
4:17 of 3rd period - Off-side.
4:18 of 3rd period - Jordan Staal wins face-off versus Johnny Gaudreau in neutral zone.
4:25 of 3rd period - Wrist shot by Rickard Rakell.
4:25 of 3rd period - Stopped by Filip Gustavsson without a rebound.
4:26 of 3rd period - Jordan Staal wins face-off versus Anze Kopitar in Tampa Bay Lightning zone.
4:37 of 3rd period - Wrist shot by Nikolaj Ehlers.
4:37 of 3rd period - Stopped by Filip Gustavsson with a rebound.
4:49 of 3rd period - Snap shot by Johnny Gaudreau.
4:49 of 3rd period - Stopped by Alexandar Georgiev with a rebound.
5:01 of 3rd period - Wrist shot by Anze Kopitar.
5:01 of 3rd period - Shot Misses the Net.
5:03 of 3rd period - Slapshot by Anze Kopitar.
5:03 of 3rd period - Stopped by Alexandar Georgiev without a rebound.
5:04 of 3rd period - Sean Monahan wins face-off versus Dylan Cozens in Vegas Golden Knights zone.
5:41 of 3rd period - Minor Penalty to Ivan Barbashev for Hooking.
5:42 of 3rd period - Christian Dvorak wins face-off versus Sean Monahan in Tampa Bay Lightning zone.
5:42 of 3rd period - Christian Dvorak is hit by Vince Dunn.
5:53 of 3rd period - Slapshot by Reilly Smith.
5:53 of 3rd period - Shot Misses the Net.
5:57 of 3rd period - Backhand shot by Rickard Rakell.
5:57 of 3rd period - Shot Blocked by Darnell Nurse.
6:13 of 3rd period - Slapshot by Vince Dunn.
6:13 of 3rd period - Stopped by Filip Gustavsson with a rebound.
6:15 of 3rd period - Snap shot by Joe Pavelski.
6:15 of 3rd period - Shot Misses the Net.
6:17 of 3rd period - Slapshot by Vince Dunn.
6:17 of 3rd period - Shot Blocked by Christian Dvorak.
7:41 of 3rd period - Penalty to Ivan Barbashev is over, Ivan Barbashev is back on ice.
8:07 of 3rd period - Snap shot by Travis Konecny.
8:07 of 3rd period - Shot Misses the Net.
8:09 of 3rd period - Snap shot by Ivan Barbashev.
8:09 of 3rd period - Shot Misses the Net.
8:11 of 3rd period - Slapshot by Moritz Seider.
8:11 of 3rd period - Stopped by Alexandar Georgiev with a rebound.
8:13 of 3rd period - Snap shot by Ivan Barbashev.
8:13 of 3rd period - Shot Misses the Net.
8:15 of 3rd period - Slapshot by Ryan Graves.
8:15 of 3rd period - Shot Misses the Net.
8:17 of 3rd period - Slapshot by Moritz Seider.
8:17 of 3rd period - Shot Blocked by Reilly Smith.
8:19 of 3rd period - Slapshot by Ryan Graves.
8:19 of 3rd period - Stopped by Alexandar Georgiev without a rebound.
8:20 of 3rd period - Sean Monahan wins face-off versus Anze Kopitar in Vegas Golden Knights zone.
8:50 of 3rd period - Lars Eller is hit by Travis Konecny and loses puck.
10:15 of 3rd period - John Marino is hit by Tyler Toffoli and loses puck.
10:51 of 3rd period - Wrist shot by Hampus Lindholm.
10:51 of 3rd period - Shot Blocked by Marc Staal.
11:09 of 3rd period - Vince Dunn is hit by Anze Kopitar and loses puck.
11:16 of 3rd period - Wrist shot by Johnny Gaudreau.
11:16 of 3rd period - Stopped by Alexandar Georgiev without a rebound.
11:17 of 3rd period - Tomas Hertl wins face-off versus Sean Monahan in Vegas Golden Knights zone.
11:28 of 3rd period - Slapshot by Joe Pavelski.
11:28 of 3rd period - Stopped by Filip Gustavsson without a rebound.
11:29 of 3rd period - Tomas Hertl wins face-off versus Sean Monahan in Tampa Bay Lightning zone.
12:47 of 3rd period - Snap shot by Andrew Peeke.
12:47 of 3rd period - Shot Blocked by Vladislav Gavrikov.
13:03 of 3rd period - Slapshot by Chris Kreider.
13:03 of 3rd period - Goal by Chris Kreider - Vegas Golden Knights : 2 - Tampa Bay Lightning : 1.
13:04 of 3rd period - Jordan Staal wins face-off versus Tomas Hertl in neutral zone.
13:45 of 3rd period - Chris Kreider is hit by Hampus Lindholm and loses puck.
14:03 of 3rd period - Wrist shot by Reilly Smith.
14:03 of 3rd period - Stopped by Filip Gustavsson with a rebound.
14:05 of 3rd period - Snap shot by Sean Couturier.
14:05 of 3rd period - Stopped by Filip Gustavsson without a rebound.
14:06 of 3rd period - Jordan Staal wins face-off versus Tomas Hertl in Tampa Bay Lightning zone.
14:27 of 3rd period - Minor Penalty to Tomas Hertl for Delaying the game.
14:28 of 3rd period - Sean Monahan wins face-off versus Christian Dvorak in Tampa Bay Lightning zone.
14:31 of 3rd period - Snap shot by Rickard Rakell.
14:31 of 3rd period - Shot Misses the Net.
14:33 of 3rd period - Snap shot by Rickard Rakell.
14:33 of 3rd period - Shot Misses the Net.
15:16 of 3rd period - Snap shot by Anze Kopitar.
15:16 of 3rd period - Stopped by Alexandar Georgiev without a rebound.
15:17 of 3rd period - Anze Kopitar wins face-off versus Joe Pavelski in Vegas Golden Knights zone.
15:42 of 3rd period - Gustav Nyquist is hit by Vince Dunn and loses puck.
16:27 of 3rd period - Penalty to Tomas Hertl is over, Tomas Hertl is back on ice.
16:42 of 3rd period - Snap shot by Chris Kreider.
16:42 of 3rd period - Stopped by Filip Gustavsson without a rebound.
16:43 of 3rd period - Anze Kopitar wins face-off versus Lars Eller in Tampa Bay Lightning zone.
18:11 of 3rd period - Wrist shot by Tomas Hertl.
18:11 of 3rd period - Shot Blocked by John Marino.
18:54 of 3rd period - Wrist shot by Travis Konecny.
18:54 of 3rd period - Stopped by Alexandar Georgiev with a rebound.
19:04 of 3rd period - Slapshot by Anze Kopitar.
19:04 of 3rd period - Stopped by Alexandar Georgiev without a rebound.
19:05 of 3rd period - Gerard Gallant call a timeout for Tampa Bay Lightning.
19:05 of 3rd period - Anze Kopitar wins face-off versus Lars Eller in Vegas Golden Knights zone.
19:06 of 3rd period - Slapshot by Kirill Kaprizov.
19:06 of 3rd period - Stopped by Alexandar Georgiev with a rebound.
19:16 of 3rd period - Tampa Bay Lightning, Filip Gustavsson is pulled from the net.
19:40 of 3rd period - Wrist shot by Anze Kopitar.
19:40 of 3rd period - Stopped by Alexandar Georgiev without a rebound.
19:41 of 3rd period - Lars Eller wins face-off versus Anze Kopitar in Vegas Golden Knights zone.
Goals for this period are 1 for Vegas Golden Knights vs 0 for Tampa Bay Lightning.
Shots for this period are 8 for Vegas Golden Knights vs 13 for Tampa Bay Lightning.
Back to the Top